 Dungeon Crawl Stone Soup version 0.31-a0-175-g9f7f995f2b (webtiles) character file.

Game seed: 10792854457536786113

4895 qw the Skirmisher (level 10, -1/85 (94) HPs)
             Began as a Naga Hunter on June 17, 2023.
             Was a Follower of Okawaru.
             Slain by a spectral orc knight
             ... wielding a +3 long sword of freezing
             ... summoned by Nergalle
              (7 damage)
             ... on level 1 of the Lair of Beasts.
             The game lasted 00:03:43 (10283 turns).

qw the Skirmisher (Naga Hunter)                    Turns: 10283, Time: 00:03:43

HP:   -1/85 (94)    AC:  6    Str: 13    XL:     10   Next: 51%
MP:   12/13         EV: 17    Int: 13    God:    Okawaru [*.....]
Gold: 314           SH:  0    Dex: 24    Spells: 9/9 levels left

rFire   + + .        Y - +3 arbalest (freeze)
rCold   + . .        (shield currently unavailable)
rNeg    . . .        j - +1 leather armour {rF+}
rPois   +            (no helmet)
rElec   .            t - scarf {rC+ rF+}
rCorr   .            (no gloves)
SInv    +            (no barding)
Will    +....        (no amulet)
Stlth   ++++         c - +6 ring of dexterity
HPRegen 0.34/turn    (no ring)
MPRegen 0.13/turn

%: no passive effects
@: short of breath, heroic, drained, very slow
A: AC +3, large, see invisible, deformed body, poison resistance, slowness 2,
spit poison 2, naga tail 1, clever 1, screaming 1
a: Breathe Poison Gas, Renounce Religion, Heroism


You were on level 1 of the Lair of Beasts.
You worshipped Okawaru.
Okawaru was aware of your devotion.
You visited 3 branches of the dungeon, and saw 10 of its levels.
You also visited: Sewer.

You collected 674 gold pieces.
You spent 360 gold pieces at shops.


Innate Abilities, Weirdness & Mutations

Your serpentine skin is tough. (AC +3)
You have supernaturally acute eyesight. (SInv)
Armour fits poorly on your strangely shaped body.
Your system is resistant to poisons. (rPois)
You cover ground very slowly.
You can exhale a cloud of poison.
You have a snake-like lower body.
Your mind is acute. (Int +4, Str/Dex -1)
You occasionally shout uncontrollably at your foes.


   Skills:
 + Level 7.2(12.2) Fighting
 - Level 11.0(16.0) Ranged Weapons
 - Level 1.1(6.1) Armour
 - Level 5.1(10.1) Dodging
 - Level 1.5(6.5) Stealth
 - Level 4.3 Invocations


You had 9 spell levels left.
You didn't know any spells.
Your spell library was empty.

Inventory:

Hand Weapons
 Y - a +3 arbalest of freezing (weapon)
Armour
 j - a +1 leather armour of fire resistance (worn)
 q - +0 steam dragon scales
 t - a scarf of resistance (worn)
Jewellery
 c - a +6 ring of dexterity (left hand)
 e - the ring "Seamaosh" {Fly rElec rN+}
   (You found it on level 1 of the Lair of Beasts)

   [ring of flight]

   rElec:     It insulates you from electricity.
   rN:        It protects you from negative energy.
   Fly:       It grants you flight.
Wands
 o - a wand of digging (6)
Scrolls
 g - 2 scrolls of identify
Potions
 a - 2 potions of haste
 b - 2 potions of curing
 d - 2 potions of might
 f - a potion of mutation
 h - a potion of enlightenment
 k - 3 potions of cancellation
 l - a potion of invisibility {unknown}
 m - a potion of heal wounds

Dungeon Overview and Level Annotations

Branches:
Dungeon (8/15)             Temple (1/1) D:4            Lair (1/5) D:8
  Sewer (visited)

Altars:
Ashenzari
Cheibriados
Dithmenos
Elyvilon
Fedhas
Gozag
Hepliaklqana
Kikubaaqudgha
Makhleb
Nemelex Xobeh
Okawaru
Qazlal
Ru
Sif Muna
Trog
Uskayaw
Vehumet
Wu Jian
Xom
Yredelemnul
Zin
The Shining One

Shops:
D:5 :*!(   D:8 :::

Annotations:
D:4 2 runed translucent doors, qw's ghost, amateur GrHu
D:5 2 runed translucent doors, qw's ghost, novice NaHu
D:6 1 runed translucent door, Crazy Yiuf
Lair:1 Nergalle


Message History

Orcish apparitions take form around you.
You shoot a bolt. The bolt hits the water moccasin!!
The water moccasin seems to slow down.
The bolt freezes the water moccasin.
You kill the water moccasin!
Okawaru accepts your kill.
A nearby plant withers and dies.
The polar bear is engulfed in poison gas.
The polar bear looks even sicker.
The spectral orc warrior hits you with a +0 hand axe!
The spectral orc warrior hits you with a +0 halberd!
You feel drained.
The polar bear is engulfed in poison gas.
The polar bear looks even sicker.
A yak comes into view.
You yell at the yak!
You hear a bellow! x3
Your life force feels restored.
Your base Dodging skill increases to level 5!
You shoot a bolt. The bolt hits the spectral orc knight!
The spectral orc knight is lightly damaged.
A bullfrog comes into view.
The spectral orc knight barely misses you.
The spectral orc warrior completely misses you.
The spectral orc warrior hits you with a +0 halberd.
The yak is engulfed in poison gas.
The yak is poisoned.
You shoot a bolt. The bolt hits the spectral orc knight!
The bolt freezes the spectral orc knight.
The spectral orc knight is heavily damaged.
The bullfrog releases a deep croak.
The spectral orc knight closely misses you.
The spectral orc warrior completely misses you.
The spectral orc warrior barely misses you.
Nergalle casts a spell at you. The bolt of negative energy hits you!!!
You feel drained.
You shoot a bolt. The bolt hits the spectral orc knight!!
The bolt freezes the spectral orc knight.
The spectral orc knight is almost destroyed.
The spectral orc knight hits you with a +3 long sword of freezing!!
You feel drained.
You die...

#### ###########Z.##
##.........Z@Z.#
#P..^............Y..
#............oF....
##.####.#####..h.$..
#..# #### ..#...#
##.#####.#P# .####..
######.......... ..
. .....###..#####P
.. .....# #..##.###


You could see Nergalle (empowered, very poisoned), a polar bear (very poisoned),
2 spectral orc warriors, a spectral orc knight (summoned), a yak (poisoned) and
a bullfrog.

Vanquished Creatures
  A hydra (Lair:1)
  Joseph (D:7)
  A rime drake (D:8)
  A polar bear (D:8)
  A wyvern (D:7)
  A steam dragon (D:7)
  An acid dragon (D:7)
  Edmund (D:6)
  2 water moccasins
  9 ice beasts
  An orc warrior (D:7)
  Pargi (Sewer)
  2 wolves (D:8)
  A centaur (D:8)
  2 sky beasts (D:6)
  3 ogres (D:4)
  A phantom (D:4)
  A bullfrog (D:8)
  A kobold brigand (D:6)
  A scorpion (D:4)
  4 killer bees (D:8)
  An electric eel (Lair:1)
  2 hounds
  2 jellies
  2 orc priests
  A gnoll bouda (D:5)
  A sleepcap (D:4)
  3 iguanas
  2 orc wizards
  3 gnolls (D:5)
  8 adders
  3 river rats (D:3)
  A shadow imp (D:4)
  An ufetubus (D:5)
  3 worms
  3 dart slugs
  18 orcs
  2 bats (D:1)
  5 endoplasms
  7 giant cockroaches
  9 goblins
  5 hobgoblins
  16 jackals
  16 kobolds
  3 quokkas
  9 ball pythons
  2 frilled lizards (Sewer)
  5 rats
170 creatures vanquished.

Notes
Turn   | Place    | Note
-------+----------+-------------------------------------------
     0 | D:1      | qw the Naga Hunter began the quest for the Orb.
     0 | D:1      | Reached XP level 1. HP: 19/19 MP: 1/1
     0 | D:1      | 0 ||| qw: Version: 0.3-a-2-g5ab2908
     0 | D:1      | 0 ||| qw: Game counter: 95
     0 | D:1      | 0 ||| qw: Always use a shield: true
     0 | D:1      | 0 ||| qw: God list: Okawaru
     0 | D:1      | 0 ||| qw: Allow faded altars: false
     0 | D:1      | 0 ||| qw: Do Orc after D:15 true
     0 | D:1      | 0 ||| qw: Do second Lair branch before Depths: true
     0 | D:1      | 0 ||| qw: Lair rune preference: random
     0 | D:1      | 0 ||| qw: Plans: Normal
     0 | D:1      | 0 ||| PLANNING D:1-11
    40 | D:1      | 40 ||| INVOKING Spit Poison.
    45 | D:1      | 45 ||| INVOKING Spit Poison.
    84 | D:1      | 84 ||| INVOKING Spit Poison.
    92 | D:1      | 92 ||| INVOKING Spit Poison.
   183 | D:1      | 183 ||| INVOKING Spit Poison.
   188 | D:1      | 188 ||| INVOKING Spit Poison.
   189 | D:1      | Reached skill level 4 in Ranged Weapons
   189 | D:1      | Reached XP level 2. HP: 25/26 MP: 2/2
   206 | D:1      | 206 ||| INVOKING Spit Poison.
   234 | D:1      | 234 ||| INVOKING Spit Poison.
   369 | D:1      | 369 ||| INVOKING Spit Poison.
   387 | D:1      | 387 ||| INVOKING Spit Poison.
   512 | D:1      | 512 ||| INVOKING Spit Poison.
   516 | D:1      | 516 ||| INVOKING Spit Poison.
   521 | D:1      | 521 ||| INVOKING Spit Poison.
   525 | D:1      | Reached XP level 3. HP: 30/32 MP: 3/3
   526 | D:1      | 526 ||| INVOKING Spit Poison.
   527 | D:1      | 527 ||| INVOKING Spit Poison.
   773 | D:1      | 773 ||| READING scroll labelled AROBU YLEIHA.
   778 | D:1      | 778 ||| READING scroll labelled MOIVIKK TIUBEPN.
   779 | D:1      | 779 ||| READING 2 scrolls labelled EMNUQI XILOCUM.
   780 | D:1      | 780 ||| READING scroll labelled NESUTRODUFF.
   780 | D:1      | Identified a scroll of acquirement
   780 | D:1      | 780 ||| ACQUIRING +2 arbalest of freezing
   780 | D:1      | Acquired a +2 arbalest of freezing
   782 | D:1      | 782 ||| SWAPPING to +2 arbalest of freezing.
   783 | D:1      | 783 ||| DROPPING +0 shortbow.
   784 | D:1      | 784 ||| DROPPING scroll of butterflies.
   815 | D:2      | 815 ||| INVOKING Spit Poison.
   826 | D:2      | 826 ||| INVOKING Spit Poison.
   886 | D:2      | Reached skill level 5 in Ranged Weapons
   888 | D:2      | Reached XP level 4. HP: 39/39 MP: 4/4
   890 | D:2      | 890 ||| INVOKING Spit Poison.
   953 | D:2      | Found a sparkling altar of Nemelex Xobeh.
   956 | D:2      | 956 ||| INVOKING Spit Poison.
   990 | D:2      | 990 ||| INVOKING Spit Poison.
  1067 | D:2      | 1067 ||| INVOKING Spit Poison.
  1075 | D:2      | 1075 ||| INVOKING Spit Poison.
  1078 | D:2      | 1078 ||| INVOKING Spit Poison.
  1092 | D:2      | 1092 ||| INVOKING Spit Poison.
  1168 | D:2      | Reached skill level 3 in Fighting
  1366 | D:2      | 1366 ||| DROPPING ring of magical power.
  1367 | D:2      | 1367 ||| READING scroll labelled TUTTARHEVO.
  1368 | D:2      | 1368 ||| DRINKING 2 murky dark potions.
  1368 | D:2      | Gained mutation: You occasionally shout uncontrollably at
                  | your foes. [potion of mutation]
  1368 | D:2      | Gained mutation: You can exhale a cloud of poison. [potion
                  | of mutation]
  1368 | D:2      | Gained mutation: Your mind is acute. (Int +4, Str/Dex -1)
                  | [potion of mutation]
  1386 | D:3      | 1386 ||| PLANNING SEWER
  1390 | D:3      | 1390 ||| INVOKING Breathe Poison Gas.
  1425 | D:3      | 1425 ||| INVOKING Breathe Poison Gas.
  1446 | D:3      | 1446 ||| INVOKING Breathe Poison Gas.
  1455 | D:3      | Found a glowing drain.
  1462 | D:3      | 1462 ||| INVOKING Breathe Poison Gas.
  1464 | D:3      | Reached XP level 5. HP: 49/49 MP: 5/5
  1464 | D:3      | 1464 ||| READING scroll labelled JUITAM ROCSO.
  1465 | D:3      | 1465 ||| READING 2 scrolls of identify.
  1465 | D:3      | 1465 ||| IDENTIFYING purple potion
  1498 | D:3      | 1498 ||| INVOKING Breathe Poison Gas.
  1516 | D:3      | 1516 ||| INVOKING Breathe Poison Gas.
  1524 | Sewer    | Entered a sewer
  1587 | Sewer    | Noticed Pargi
  1588 | Sewer    | 1588 ||| INVOKING Breathe Poison Gas.
  1590 | Sewer    | Killed Pargi
  1591 | Sewer    | Reached skill level 6 in Ranged Weapons
  1591 | Sewer    | Reached XP level 6. HP: 56/56 MP: 6/6
  1607 | Sewer    | 1607 ||| INVOKING Breathe Poison Gas.
  1642 | Sewer    | 1642 ||| DRINKING 2 fizzy ruby potions.
  1643 | Sewer    | 1643 ||| DROPPING potion of magic.
  1663 | D:3      | 1663 ||| PLANNING D:1-11
  1675 | D:3      | 1675 ||| INVOKING Breathe Poison Gas.
  1702 | D:3      | 1702 ||| INVOKING Breathe Poison Gas.
  1712 | D:3      | Identified the +0 robe of the Secret Realms {rCorr MP+9}
  1713 | D:3      | 1713 ||| INVOKING Breathe Poison Gas.
  1732 | D:3      | 1732 ||| INVOKING Breathe Poison Gas.
  1743 | D:3      | Found a shimmering altar of Xom.
  1786 | D:3      | 1786 ||| INVOKING Breathe Poison Gas.
  1952 | D:3      | 1952 ||| INVOKING Breathe Poison Gas.
  1953 | D:3      | 1953 ||| INVOKING Breathe Poison Gas.
  1960 | D:3      | 1960 ||| INVOKING Breathe Poison Gas.
  2184 | D:3      | 2184 ||| UPGRADING to +0 robe of the Secret Realms {rCorr
                  | MP+9}.
  2259 | D:3      | 2259 ||| DROPPING ring of wizardry.
  2260 | D:3      | 2260 ||| DRINKING 2 yellow potions.
  2261 | D:3      | 2261 ||| DROPPING potion of brilliance.
  2276 | D:4      | 2276 ||| INVOKING Breathe Poison Gas.
  2350 | D:4      | 2350 ||| INVOKING Breathe Poison Gas.
  2353 | D:4      | Reached XP level 7. HP: 64/64 MP: 7/7
  2392 | D:4      | Found a staircase to the Ecumenical Temple.
  2393 | D:4      | 2393 ||| PLANNING TEMPLE
  2393 | D:4      | 2393 ||| READING scroll labelled PINTAFACWYB.
  2394 | D:4      | 2394 ||| READING scroll labelled ITINET ATWO.
  2395 | D:4      | 2395 ||| DRINKING 2 smoky amethyst potions.
  2396 | D:4      | 2396 ||| DROPPING potion of attraction.
  2402 | D:4      | 2402 ||| INVOKING Breathe Poison Gas.
  2407 | Temple   | Entered the Ecumenical Temple
  2450 | Temple   | 2450 ||| PLANNING D:1-11
  2515 | D:4      | 2515 ||| INVOKING Breathe Poison Gas.
  2530 | D:4      | 2530 ||| INVOKING Breathe Poison Gas.
  2540 | D:4      | 2540 ||| INVOKING Breathe Poison Gas.
  2548 | D:4      | Found a runed translucent door.
  2599 | D:4      | 2599 ||| INVOKING Breathe Poison Gas.
  2611 | D:4      | 2611 ||| INVOKING Breathe Poison Gas.
  2612 | D:4      | HP: 6/64 [ogre/+0 giant spiked club (32)]
  2614 | D:4      | Reached skill level 7 in Ranged Weapons
  2877 | D:4      | 2877 ||| INVOKING Breathe Poison Gas.
  2941 | D:4      | 2941 ||| INVOKING Breathe Poison Gas.
  3104 | D:4      | 3104 ||| INVOKING Breathe Poison Gas.
  3113 | D:4      | 3113 ||| INVOKING Breathe Poison Gas.
  3156 | D:4      | Found a runed translucent door.
  3172 | D:4      | 3172 ||| INVOKING Breathe Poison Gas.
  3196 | D:4      | Noticed qw's ghost (amateur GrHu)
  3309 | D:4      | 3309 ||| READING 3 scrolls labelled GIAGUX LYCAOSOUSCH.
  3310 | D:4      | 3310 ||| DRINKING 3 grey potions.
  3311 | D:4      | 3311 ||| DROPPING 2 scrolls of summoning.
  3325 | D:5      | Entered Level 5 of the Dungeon
  3326 | D:5      | 3326 ||| INVOKING Breathe Poison Gas.
  3334 | D:5      | Found Mamotrix's Distillery.
  3336 | D:5      | Found Potucvai's Antique Weapon Shoppe.
  3338 | D:5      | Found Zeil's Book Shoppe.
  3338 | D:5      | Found Emeda's General Store.
  3340 | D:5      | 3340 ||| BUYING potion of cancellation (80 gold).
  3340 | D:5      | Bought a potion of cancellation for 80 gold pieces
  3340 | D:5      | 3340 ||| BUYING potion of cancellation (80 gold).
  3340 | D:5      | Bought a potion of cancellation for 80 gold pieces
  3340 | D:5      | 3340 ||| BUYING potion of enlightenment (50 gold).
  3340 | D:5      | Bought a potion of enlightenment for 50 gold pieces
  3340 | D:5      | 3340 ||| BUYING potion of heal wounds (50 gold).
  3340 | D:5      | Bought a potion of heal wounds for 50 gold pieces
  3340 | D:5      | 3340 ||| BUYING potion of heal wounds (50 gold).
  3340 | D:5      | Bought a potion of heal wounds for 50 gold pieces
  3340 | D:5      | 3340 ||| BUYING potion of heal wounds (50 gold).
  3340 | D:5      | Bought a potion of heal wounds for 50 gold pieces
  3340 | D:5      | 3340 ||| SHOPLISTING potion of mutation (80 gold, have 47).
  3359 | D:5      | 3359 ||| SHOPLISTING amulet "Siungeomn" {Acrobat -Tele
                  | Will+ Int+3} (544 gold, have 47).
  3359 | D:5      | 3359 ||| SHOPLISTING scroll of enchant weapon (97 gold,
                  | have 47).
  3438 | D:5      | 3438 ||| INVOKING Breathe Poison Gas.
  3499 | D:5      | 3499 ||| INVOKING Breathe Poison Gas.
  3721 | D:5      | 3721 ||| INVOKING Breathe Poison Gas.
  3745 | D:5      | 3745 ||| INVOKING Breathe Poison Gas.
  3748 | D:5      | Reached skill level 8 in Ranged Weapons
  3748 | D:5      | Reached XP level 8. HP: 72/72 MP: 8/8
  3773 | D:5      | Found a large runed translucent door.
  3773 | D:5      | Found a large runed translucent door.
  3775 | D:5      | Noticed qw's ghost (novice NaHu)
  3787 | D:5      | 3787 ||| INVOKING Breathe Poison Gas.
  3791 | D:5      | 3791 ||| Stepping ~*~*~tactically~*~*~ (outnumbered).
  3793 | D:5      | 3793 ||| INVOKING Breathe Poison Gas.
  3947 | D:5      | Found a radiant altar of Vehumet.
  3948 | D:5      | Found an opulent altar of Gozag.
  3948 | D:5      | Found an iron altar of Okawaru.
  3948 | D:5      | Found a basalt altar of Yredelemnul.
  3949 | D:5      | 3949 ||| PLANNING OKAWARU WORSHIP
  3949 | D:5      | 3949 ||| READING scroll labelled LOXTAATWEDD.
  3950 | D:5      | 3950 ||| READING 2 scrolls of identify.
  3950 | D:5      | 3950 ||| IDENTIFYING silvery potion
  3953 | D:5      | Found a snail-covered altar of Cheibriados.
  3953 | D:5      | Found a white marble altar of Elyvilon.
  3959 | D:5      | Became a worshipper of Warmaster Okawaru
  3960 | D:5      | 3960 ||| PLANNING D:1-11
  4852 | D:5      | 4852 ||| Stepping randomly (stuck).
  4937 | D:6      | 4937 ||| INVOKING Breathe Poison Gas.
  5047 | D:6      | 5047 ||| INVOKING Breathe Poison Gas.
  5065 | D:6      | 5065 ||| INVOKING Breathe Poison Gas.
  5068 | D:6      | Identified the +2 quarterstaff of Zozoos {heavy, rPois
                  | Stlth+}
  5328 | D:6      | Noticed Edmund
  5329 | D:6      | 5329 ||| INVOKING Breathe Poison Gas.
  5331 | D:6      | Killed Edmund
  5485 | D:6      | 5485 ||| INVOKING Breathe Poison Gas.
  5488 | D:6      | Reached skill level 9 in Ranged Weapons
  5598 | D:6      | Found a runed translucent door.
  5599 | D:6      | Noticed Crazy Yiuf
  5630 | D:6      | 5630 ||| READING scroll labelled YTYSINIROT.
  5731 | D:6      | 5731 ||| DRINKING 3 bubbling brown potions.
  5732 | D:6      | 5732 ||| DRINKING 3 potions of curing.
  5732 | D:6      | 5732 ||| (to cure confusion)
  5733 | D:6      | 5733 ||| DROPPING 2 potions of ambrosia.
  5754 | D:7      | 5754 ||| PLANNING OSSUARY
  5754 | D:7      | 5754 ||| INVOKING Breathe Poison Gas.
  5756 | D:7      | Noticed Joseph
  5758 | D:7      | 5758 ||| STAIRDANCE
  5864 | D:7      | 5864 ||| STAIRDANCE
  5866 | D:6      | 5866 ||| INVOKING Breathe Poison Gas.
  5938 | D:7      | Noticed a wyvern
  5939 | D:7      | 5939 ||| INVOKING Breathe Poison Gas.
  5942 | D:7      | 5942 ||| STAIRDANCE
  5942 | D:7      | Killed a wyvern
  5942 | D:7      | Reached * piety under Okawaru
  5943 | D:7      | Reached skill level 6 in Fighting
  6089 | D:7      | 6089 ||| STAIRDANCE
  6158 | D:7      | 6158 ||| STAIRDANCE
  6161 | D:6      | 6161 ||| INVOKING Heroism.
  6164 | D:6      | Reached skill level 1 in Invocations
  6164 | D:6      | Reached XP level 9. HP: 58/82 MP: 10/10
  6273 | D:7      | 6273 ||| INVOKING Breathe Poison Gas.
  6274 | D:7      | 6274 ||| STAIRDANCE
  6346 | D:7      | 6346 ||| INVOKING Breathe Poison Gas.
  6347 | D:7      | 6347 ||| STAIRDANCE
  6458 | D:7      | 6458 ||| STAIRDANCE
  6600 | D:7      | 6600 ||| RIP OSSUARY
  6600 | D:7      | 6600 ||| PLANNING D:1-11
  6600 | D:7      | 6600 ||| INVOKING Breathe Poison Gas.
  6602 | D:7      | 6602 ||| STAIRDANCE
  6736 | D:7      | 6736 ||| STAIRDANCE
  6823 | D:7      | 6823 ||| STAIRDANCE
  6956 | D:7      | 6956 ||| STAIRDANCE
  7087 | D:7      | 7087 ||| STAIRDANCE
  7235 | D:7      | 7235 ||| INVOKING Breathe Poison Gas.
  7236 | D:7      | 7236 ||| STAIRDANCE
  7365 | D:7      | 7365 ||| INVOKING Breathe Poison Gas.
  7366 | D:7      | 7366 ||| STAIRDANCE
  7507 | D:7      | 7507 ||| INVOKING Breathe Poison Gas.
  7508 | D:7      | 7508 ||| STAIRDANCE
  7616 | D:7      | 7616 ||| INVOKING Breathe Poison Gas.
  7619 | D:7      | 7619 ||| STAIRDANCE
  7687 | D:7      | 7687 ||| INVOKING Breathe Poison Gas.
  7688 | D:7      | 7688 ||| STAIRDANCE
  7821 | D:7      | 7821 ||| INVOKING Breathe Poison Gas.
  7822 | D:7      | 7822 ||| STAIRDANCE
  7945 | D:7      | 7945 ||| INVOKING Breathe Poison Gas.
  7947 | D:7      | 7947 ||| STAIRDANCE
  8095 | D:7      | 8095 ||| INVOKING Breathe Poison Gas.
  8097 | D:7      | Killed Joseph
  8098 | D:7      | Reached skill level 3 in Dodging
  8098 | D:7      | Reached skill level 3 in Invocations
  8169 | D:7      | 8169 ||| INVOKING Breathe Poison Gas.
  8170 | D:7      | 8170 ||| INVOKING Heroism.
  8177 | D:7      | 8177 ||| INVOKING Breathe Poison Gas.
  8262 | D:7      | 8262 ||| INVOKING Heroism.
  8263 | D:7      | 8263 ||| INVOKING Breathe Poison Gas.
  8267 | D:7      | 8267 ||| Stepping ~*~*~tactically~*~*~ (cloud).
  8283 | D:7      | 8283 ||| INVOKING Breathe Poison Gas.
  8283 | D:7      | HP: 20/82 [acid dragon (11)]
  8284 | D:7      | 8284 ||| DRINKING 4 potions of heal wounds.
  8288 | D:7      | 8288 ||| INVOKING Breathe Poison Gas.
  8299 | D:7      | HP: 20/82 [iguana (9)]
  8300 | D:7      | 8300 ||| DRINKING 3 potions of heal wounds.
  8857 | D:7      | 8857 ||| DROPPING +0 leather armour.
  8858 | D:7      | 8858 ||| UPGRADING to +1 leather armour of fire resistance.
  8868 | D:7      | 8868 ||| DROPPING +0 robe of the Secret Realms {rCorr
                  | MP+9}.
  8869 | D:7      | 8869 ||| DROPPING +0 acid dragon scales.
  8870 | D:7      | 8870 ||| UPGRADING to scarf of resistance.
  8875 | D:7      | 8875 ||| READING scroll labelled ORIRUSMAAPP.
  8876 | D:7      | 8876 ||| DRINKING 2 metallic inky potions.
  8910 | D:7      | 8910 ||| READING 2 scrolls of identify.
  8910 | D:7      | 8910 ||| IDENTIFYING ruby potion
  8911 | D:7      | 8911 ||| DROPPING potion of lignification.
  8912 | D:7      | 8912 ||| DROPPING potion of degeneration.
  9012 | D:8      | Reached skill level 10 in Ranged Weapons
  9014 | D:8      | Noticed a rime drake
  9017 | D:8      | 9017 ||| INVOKING Breathe Poison Gas.
  9020 | D:8      | Killed a rime drake
  9027 | D:8      | Noticed a polar bear
  9028 | D:8      | 9028 ||| INVOKING Heroism.
  9037 | D:8      | Reached XP level 10. HP: 55/94 MP: 11/13
  9043 | D:8      | HP: 21/94 [ice beast (6)]
  9044 | D:8      | 9044 ||| READING scroll of teleportation.
  9044 | D:8      | HP: 6/94 [ice beast (7)]
  9045 | D:8      | 9045 ||| DRINKING 2 potions of heal wounds.
  9046 | D:8      | 9046 ||| INVOKING Heroism.
  9311 | D:8      | Found Ihaggeo's Self-Improvement Boutique.
  9433 | D:8      | Found a staircase to the Lair.
  9487 | D:8      | 9487 ||| INVOKING Heroism.
  9488 | D:8      | 9488 ||| INVOKING Breathe Poison Gas.
  9491 | D:8      | Reached skill level 11 in Ranged Weapons
  9544 | D:8      | 9544 ||| INVOKING Breathe Poison Gas.
  9673 | D:8      | Found Moyr Tod's Tiny Tomes.
  9758 | D:8      | Found Tiuc's Book Shoppe.
  9820 | D:8      | 9820 ||| INVOKING Breathe Poison Gas.
  9822 | D:8      | Reached skill level 1 in Armour
  9902 | D:8      | 9902 ||| INVOKING Breathe Poison Gas.
  9903 | D:8      | 9903 ||| INVOKING Breathe Poison Gas.
  9911 | D:8      | 9911 ||| INVOKING Breathe Poison Gas.
  9990 | D:8      | 9990 ||| INVOKING Breathe Poison Gas.
  9993 | D:8      | Reached ** piety under Okawaru
 10059 | D:8      | 10059 ||| PLANNING LAIR
 10059 | D:8      | 10059 ||| UPGRADING to +6 ring of dexterity.
 10112 | Lair:1   | Entered Level 1 of the Lair of Beasts
 10165 | Lair:1   | Noticed a six-headed hydra
 10166 | Lair:1   | 10166 ||| INVOKING Heroism.
 10169 | Lair:1   | 10169 ||| INVOKING Breathe Poison Gas.
 10172 | Lair:1   | Killed a six-headed hydra
 10253 | Lair:1   | Identified the ring "Seamaosh" {Fly rElec rN+}
 10274 | Lair:1   | Noticed Nergalle
 10275 | Lair:1   | 10275 ||| INVOKING Heroism.
 10276 | Lair:1   | 10276 ||| INVOKING Breathe Poison Gas.
 10283 | Lair:1   | HP: 6/88 [spectral orc knight/+3 long sword of
                  | freezing[Nergalle] (18)]
 10283 | Lair:1   | Slain by a spectral orc knight

Levels and vault maps discovered:
D:1:      psy_arrival_radial02, layout_loops_ring
D:2:      layout_loops_ring, serial_glass, glass_columns_b, glass_columns_c,
          basic_altar
D:3:      layout_basic, xom_butterflies, portal_sewer_entry_c,
          dreamdust_wishing_well, serial_bayou_pond_c,
          nicolae_concentric_dashed_squares_wild
D:4:      layout_gridville, minmay_temple_entry_gardened_gates,
          ebering_ghost_sewer_f, minmay_fractal_squares_gapless_5
D:5:      layout_gridville, grunt_temple_overflow_open,
          ebering_ghost_disaster_area, nicolae_shop_national_dungeon_mall,
          kennysheep_minor_cross
D:6:      layout_basic, hex_tiny, hangedman_decor_opposing, uniq_edmund,
          uniq_crazy_yiuf_cottage
D:7:      layout_loops_cross, enter_bailey_3, enter_ossuary_5, uniq_joseph
D:8:      layout_basic, hellmonk_lair_entry_icy, nicolae_stop_n_shop_1,
          nicolae_shop_i_like_small_books_too, nicolae_shop_self_help
Temple:   eino_wide_crystal_templ
Lair:1:   layout_gridlike, ebering_ghost_disaster_area, uniq_nergalle

Skill      XL: |  1  2  3  4  5  6  7  8  9 10 |
---------------+-------------------------------+-----
Ranged Weapons | 4 5 6 8 9 10 11 | 11.0
Fighting       | 3 4 6 7 |  7.2
Dodging        | 2 3 5 |  5.1
Invocations    | 1 4 |  4.3
Armour         | 1 |  1.1
Stealth        | |  1.5

Action                     |  1- 3 |  4- 6 |  7- 9 | 10-12 || total
---------------------------+-------+-------+-------+-------++-------
   Fire: Shortbow          |    39 |       |       |       ||    39
         Arbalest          |     8 |    61 |   140 |    35 ||   244
 Invoke: Heroism           |       |       |     4 |     4 ||     8
Ability: Spit Poison       |    16 |     7 |       |       ||    23
         Breathe Poison Ga |       |    17 |    42 |     8 ||    67
    Use: Scroll            |     4 |     3 |     8 |     1 ||    16
         Potion            |       |     3 |     7 |     1 ||    11
 Armour: Leather armour    |     5 |     4 |    11 |    10 ||    30
         Robe              |       |       |    12 |       ||    12
  Dodge: Dodged            |     6 |     8 |    74 |    19 ||   107

Table legend:
 A = Non-vault XP
 B = Vault XP
 C = Vault XP percentage of total XP
 D = Non-vault monster count
 E = Vault monster count
 F = Vault count percentage of total count
                 A         B        C        D         E       F
            +---------+---------+-------+---------+---------+-------
      Total |    4219 |    2774 |  39.7 |     137 |      33 |  19.4
            +---------+---------+-------+---------+---------+-------
        D:1 |      37 |       0 |   0.0 |      20 |       0 |   0.0
        D:2 |     101 |       0 |   0.0 |      21 |       0 |   0.0
        D:3 |      87 |      44 |  33.6 |      18 |       6 |  25.0
        D:4 |     627 |      17 |   2.6 |      24 |       3 |  11.1
        D:5 |     410 |       0 |   0.0 |      18 |       0 |   0.0
        D:6 |     574 |     158 |  21.6 |      11 |       1 |   8.3
        D:7 |     877 |     451 |  34.0 |      15 |       5 |  25.0
        D:8 |     461 |    1958 |  80.9 |       7 |      12 |  63.2
     Lair:1 |    1045 |       0 |   0.0 |       3 |       0 |   0.0
      Sewer |       0 |     146 | 100.0 |       0 |       6 | 100.0
            +---------+---------+-------+---------+---------+-------
